 Dungeon Crawl Stone Soup version 0.18.1-6-gd335043 (webtiles) character file.

456 Implojin the Insei (level 6, -1/49 HPs)
             Began as a Mummy Monk on May 19, 2016.
             Slain by an iguana (6 damage)
             ... on level 4 of the Dungeon.
             The game lasted 00:28:08 (9269 turns).

Implojin the Insei (Mummy Monk)                     Turns: 9269, Time: 00:28:08

Health: -1/49      AC:  2    Str: 14    XL:     6   Next: 77%
Magic:  6/6        EV: 10    Int:  9    God:
Gold:   179        SH:  7    Dex: 17    Spells: 0 memorised, 5 levels left

rFire  x . .     SeeInvis .       - Unarmed
rCold  + . .     Gourm    .     (no armour)
rNeg   + + +     Faith    .     d - +0 shield
rPois  ∞         Spirit   .     (no helmet)
rElec  .         Dismiss  .     (no cloak)
rCorr  .         Reflect  .     m - +1 pair of gloves
SustAt .         Harm     .     (no boots)
MR     .....                    (no amulet)
Stlth  ++........               (no ring)
                                e - ring of poison resistance

@: not resistant to hostile enchantments, unstealthy
A: no food or potions, fire vulnerability, cold resistance 1, negative energy
resistance 3, torment resistance, unbreathing
a: no special abilities


You were on level 4 of the Dungeon.
You were not hungry.

You visited 1 branch of the dungeon, and saw 5 of its levels.

You collected 179 gold pieces.

Inventory:

Armour
 d - a +0 shield (worn)
 m - a +1 pair of gloves (worn)
Jewellery
 e - a ring of poison resistance (left hand)
 j - a cursed -3 ring of evasion {unknown}
Wands
 n - a wand of slowing (35/48)
Scrolls
 a - 4 scrolls of identify
 b - a scroll of teleportation
 c - a scroll of magic mapping
 f - a scroll of random uselessness
 i - a scroll of enchant weapon (quivered)
 k - a scroll of recharging
 l - a scroll of immolation
Books
 g - a Fen Folio

   Spells                             Type                      Level
   a - Corpse Rot                     Necromancy                   2
   b - Stone Arrow                    Conjuration/Earth            3
   c - Leda's Liquefaction            Hexes/Earth                  4
   d - Summon Forest                  Summoning/Translocation      5
   e - Hydra Form                     Transmutation                6
   f - Summon Hydra                   Summoning                    7
Comestibles
 h - a bread ration


   Skills:
 * Level 4.6 Fighting
 - Level 2.4 Dodging
 - Level 1.5 Stealth
 - Level 6.1 Unarmed Combat


You had 5 spell levels left.
You didn't know any spells.

Dungeon Overview and Level Annotations

Branches:
Dungeon (5/15)             Temple (0/1) D:5

Altars:
Dithmenos
Elyvilon
Fedhas

Annotations:
D:1 exclusion: downstairs
D:3 exclusion: 2 downstairs
D:4 !ogre + orc wizard stairs care


Innate Abilities, Weirdness & Mutations

You do not eat or drink.
Your flesh is vulnerable to fire.
You are immune to poison.
Your flesh is cold resistant.
You are immune to negative energy.
You are immune to unholy pain and torment.
You can survive without breathing.


Message History

You block the iguana's attack.
You hit the iguana but do no damage.
The iguana is almost dead.
You block the iguana's attack. The iguana bites you.
* * * LOW HITPOINT WARNING * * *
You block the giant frog skeleton's attack.
The giant frog skeleton hits you.
* * * LOW HITPOINT WARNING * * *
There is a stone staircase leading up here.
You punch the giant frog skeleton!
The giant frog skeleton barely misses you.
Unknown command.
Warning, next level annotated: !ogre + orc wizard stairs care Enter next level anyway?
Okay, then.
Unknown command.
Warning, next level annotated: !ogre + orc wizard stairs care Enter next level anyway?
The giant frog skeleton closely misses you.
You block the iguana's attack. The giant frog skeleton hits you.
* * * LOW HITPOINT WARNING * * *
You climb upwards.
There is a stone staircase leading down here.
Unknown command.
You hit the iguana.
The iguana is almost dead.
The iguana bites you!
* * * LOW HITPOINT WARNING * * *
You hit the iguana but do no damage.
The iguana is almost dead.
The iguana bites you.
* * * LOW HITPOINT WARNING * * *
Read which item? (? for menu, Esc to quit)
Okay, then.
Unknown command.
You hit the iguana but do no damage.
The iguana is almost dead.
The iguana bites you.
You die...

######......# ######...........#
#..†...#######...'
#.####.##...##...# #.#
#.#.....#.[.# #.# #.#.........#
##### #.# ##.#.....#.###
########...####l###..##...##.###
#.......!..'...@.....#######....
##.#####...########..........###
#.# #............##[#.#.### #.#
####.#######..........# #.# #.#
#....†.....# #.# #.####
#..........# #.#
#..!.####..........# #.#
#.....................
#.########.....................


You could see an iguana.

Vanquished Creatures
  A scorpion (D:4)
  A howler monkey (D:4)
  A hound (D:4)
  An orc wizard (D:4)
  A centaur skeleton (D:4)
  Natasha (thrice) (D:4)
  A worker ant (D:4)
  A hound skeleton (D:4)
  A gnoll (D:2)
  6 adders
  2 oozes (D:2)
  4 worms
  3 dart slugs
  5 giant geckos
  8 orcs
  2 giant cockroaches
  17 goblins
  4 hobgoblins
  3 kobolds
  A quokka (D:3)
  2 ball pythons
  6 bats
  A giant gecko skeleton (D:4)
  5 giant newts
  8 rats
88 creatures vanquished.

Vanquished Creatures (others)
  A worker ant (D:5)
1 creature vanquished.

Grand Total: 89 creatures vanquished

Notes
Turn   | Place    | Note
--------------------------------------------------------------
     0 | D:1      | Implojin the Mummy Monk began the quest for the Orb.
     0 | D:1      | Reached XP level 1. HP: 18/18 MP: 1/1
   105 | D:1      | Reached XP level 2. HP: 9/24 MP: 2/2
  1111 | D:2      | Reached skill level 4 in Unarmed Combat
  1153 | D:2      | Reached XP level 3. HP: 9/29 MP: 3/3
  1719 | D:2      | Found a white marble altar of Elyvilon.
  2585 | D:3      | Noticed an ogre
  3350 | D:3      | Reached XP level 4. HP: 29/35 MP: 4/4
  3404 | D:3      | Found a shadowy altar of Dithmenos.
  4390 | D:3      | Reached skill level 5 in Unarmed Combat
  5118 | D:4      | Reached XP level 5. HP: 17/41 MP: 5/5
  5777 | D:4      | Noticed Natasha
  5782 | D:4      | Killed Natasha
  5900 | D:4      | Noticed an ogre
  5935 | D:4      | Found a blossoming altar of Fedhas.
  6186 | D:4      | Reached skill level 6 in Unarmed Combat
  6186 | D:4      | Reached XP level 6. HP: 45/47 MP: 6/6
  7163 | D:4      | Noticed Natasha
  7170 | D:4      | Killed Natasha
  7483 | D:4      | Reached skill level 4 in Fighting
  7580 | D:4      | Noticed Natasha
  7594 | D:4      | Killed Natasha
  7911 | D:5      | Entered Level 5 of the Dungeon
  8030 | D:4      | HP: 2/49 [ogre/giant club (29)]
  9240 | D:5      | Found a staircase to the Ecumenical Temple.
  9269 | D:4      | Slain by an iguana

Skill      XL: |  1  2  3  4  5  6 |
---------------+-------------------+-----
Unarmed Combat | 4 5 6 |  6.1
Fighting       | 4 |  4.6
Dodging        | |  2.4
Stealth        | |  1.5

Action                   |  1- 3 |  4- 6 || total
-------------------------+-------+-------++-------
Melee: Unarmed           |   135 |   276 ||   411
       Punch             |     6 |     7 ||    13
  Use: Scroll            |     3 |     7 ||    10
 Stab: Sleeping          |     4 |     1 ||     5
       Distracted        |       |     2 ||     2
Armor: Skin              |       |    13 ||    13
Dodge: Dodged            |    78 |   153 ||   231
Block: Shield            |       |     8 ||     8

Table legend:
 A = Turns spent in this place as a percentage of turns spent in the entire game.
 B = Non-inter-level travel turns spent in this place as a percentage of non-inter-level travel turns spent in the entire game.
 C = Inter-level travel turns spent in this place as a percentage of turns spent in this place.
 D = Turns resting spent in this place as a percentage of non-inter-level travel turns spent in this place.
 E = Turns spent auto-exploring this place as a percentage of non-inter-level travel turns spent in this place.
 F = Non-inter-level travel turns spent in this place divided by the number of levels of this place that you've seen.
                   A       B       C       D       E      F
               +-------+-------+-------+-------+-------+----------------------
         Total | 100.0 | 100.0 |   0.2 |   4.6 |   1.6 | 799.4
       Dungeon | 100.0 | 100.0 |   0.2 |   4.6 |   1.6 | 799.4
               +-------+-------+-------+-------+-------+----------------------

Table legend:
 A = Kills in this place as a percentage of kills in entire the game.
 B = Kills by you in this place as a percentage of kills by you in the entire game.
 C = Kills by friends in this place as a percentage of kills by friends in the entire game.
 D = Other kills in this place as a percentage of other kills in the entire game.
 E = Experience gained in this place as a percentage of experience gained in the entire game.
 F = Experience gained in this place divided by the number of levels of this place that you have seen.
                   A       B       C       D       E      F
               +-------+-------+-------+-------+-------+----------------------
         Total | 100.0 | 100.0 |  -nan |  -nan | 100.0 | 130.4
       Dungeon | 100.0 | 100.0 |  -nan |  -nan | 100.0 | 130.4
               +-------+-------+-------+-------+-------+----------------------
